 Dungeon Crawl Stone Soup version 0.30-b1-2-g02819fbbbe (webtiles) character file.

Game seed: 2287128383973782304

518 Arcadio the Trooper (level 7, -2/63 HPs)
             Began as a Minotaur Fighter on May 13, 2023.
             Was an Initiate of Trog.
             Slain by an ogre
             ... wielding a +0 giant club
              (24 damage)
             ... on level 5 of the Dungeon.
             The game lasted 00:03:55 (3642 turns).

Arcadio the Trooper (Minotaur Fighter)              Turns: 3642, Time: 00:03:56

Health: -2/63      AC:  4    Str: 23    XL:     7   Next: 1%
Magic:  6/6        EV:  9    Int:  5    God:    Trog [......]
Gold:   171        SH:  4    Dex:  9    Spells: 6/6 levels left

rFire   . . .        a - +0 war axe
rCold   . . .        c - +0 buckler
rNeg    . . .        b - +0 scale mail
rPois   .            (helmet restricted)
rElec   .            (no cloak)
rCorr   .            h - +0 pair of gloves
SInv    .            (no boots)
Will    .....        (no amulet) Stlth
                     (no ring)
HPRegen 0.30/turn    (no ring)
MPRegen 0.10/turn

%: no passive effects
@: corroded
A: horns 2, retaliatory headbutt
a: Renounce Religion


You were on level 5 of the Dungeon.
You worshipped Trog.
Trog was noncommittal.
You visited 1 branch of the dungeon, and saw 5 of its levels.

You collected 171 gold pieces.

Inventory:

Hand Weapons
 a - a +0 war axe (weapon)
Armour
 b - a +0 scale mail (worn)
 c - a +0 buckler (worn)
 f - a +0 kite shield
 h - a +0 pair of gloves (worn)
Jewellery
 m - a ring of magical power
Scrolls
 i - 2 scrolls of teleportation {unknown}
 k - 2 scrolls of enchant weapon {unknown}
 l - a scroll of amnesia {unknown}
 o - 2 scrolls of poison {unknown}
 q - a scroll of identify {unknown}
 r - a scroll of magic mapping {unknown}
 s - a scroll of acquirement {unknown}
Potions
 d - a potion of might
 e - 2 potions of heal wounds {unknown}
 g - 3 potions of degeneration {unknown}
 j - a potion of brilliance {unknown}
 n - 2 potions of curing
 p - a potion of attraction {unknown}


   Skills:
 + Level 6.2 Fighting
 + Level 5.6 Axes
 + Level 6.2 Armour
 - Level 3.6 Shields


You had 6 spell levels left.
You didn't know any spells.
Your spell library contained the following spells:

 Spells                   Type           Power      Damage    Failure   Level
 Apportation              Tloc           0%         N/A       83%         1
 Necrotise                Necr           0%         1d4       83%         1
 Summon Small Mammal      Summ           0%         N/A       83%         1


Dungeon Overview and Level Annotations

Branches:
Dungeon (5/15) Zot: 26275
 Temple: D:4-7

Altars:
Okawaru
Trog
Vehumet


Innate Abilities, Weirdness & Mutations

You have a pair of horns on your head.
You reflexively headbutt those who attack you in melee.


Message History

You climb downwards.
There is a stone staircase leading up here.
You now have 156 gold pieces (gained 11).
You now have 171 gold pieces (gained 15).
There is a stone staircase leading up here.
There is a stone staircase leading up here.
There is a stone staircase leading down here.
A jelly comes into view.
The jelly quivers.
An ogre comes into view. It is wielding a +0 giant club.
The ogre shouts!
You hear a shout!
You hit the jelly.
Your hands burn!
The jelly is moderately wounded.
The jelly barely misses you.
You hit the jelly. The acid corrodes you!
Your hands burn!
The jelly is heavily wounded.
The jelly hits you.
You are splashed with acid!
You hit the jelly. The acid corrodes you!
Your hands burn!
The jelly is severely wounded.
An ufetubus comes into view.
The jelly hits you but does no damage.
You hit the ogre.
The ogre is lightly wounded.
You hit the jelly.
You kill the jelly!
Trog accepts your kill. The ogre barely misses you.
You have reached level 7!
You hit the ogre but do no damage.
The ogre is lightly wounded.
The ogre closely misses you. You furiously retaliate!
You headbutt the ogre! You barely miss the ogre.
The ogre is heavily wounded.
The ogre hits you with a +0 giant club!!
You slash the ufetubus!
You kill the ufetubus!
Trog accepts your kill.
You hit the ogre.
The ogre hits you with a +0 giant club!!
You die...

.....# #...........#
.....# #..........##
.....# ##..........###
.....# ##.............#.
.....###................
.....#...#..............
....#..####.............
....>.## #....#.....#.
....### #..###@...##
....# #### #.O..# ...##
#....# ...# #...## ####
#...# # #...# # #...# ##
#..## .#


You could see an ogre.

Vanquished Creatures
  An ogre (D:4)
  A phantom (D:4)
  Blork the orc (D:4)
  A jelly (D:5)
  2 orc priests (D:4)
  Natasha (twice) (D:2)
  An iguana (D:3)
  An orc wizard (D:4)
  A gnoll (D:1)
  2 adders
  An ufetubus (D:5)
  A worm (D:4)
  A dart slug (D:1)
  3 orcs
  5 bats
  4 endoplasms
  4 giant cockroaches
  9 hobgoblins
  3 jackals (D:3)
  5 kobolds
  A quokka (D:3)
  8 ball pythons
  A frilled lizard (D:1)
  7 goblins
  2 rats (D:1)
68 creatures vanquished.

Vanquished Creatures (others)
  7 plants
7 creatures vanquished.

Grand Total: 75 creatures vanquished

Notes
Turn   | Place    | Note
-------+----------+-------------------------------------------
     0 | D:1      | Arcadio the Minotaur Fighter began the quest for the Orb.
     0 | D:1      | Reached XP level 1. HP: 19/19 MP: 0/0
   130 | D:1      | Found a faded altar of an unknown god.
   139 | D:1      | Reached XP level 2. HP: 27/27 MP: 1/1
   367 | D:1      | Reached XP level 3. HP: 29/33 MP: 2/2
  1006 | D:2      | Noticed Natasha
  1013 | D:2      | Killed Natasha
  1014 | D:2      | Reached XP level 4. HP: 28/41 MP: 3/3
  1267 | D:2      | Noticed Natasha
  1276 | D:2      | Killed Natasha
  1865 | D:3      | Found a bloodstained altar of Trog.
  1898 | D:3      | Found an iron altar of Okawaru.
  2324 | D:3      | Reached skill level 5 in Fighting
  2324 | D:3      | Reached skill level 5 in Armour
  2324 | D:3      | Reached XP level 5. HP: 29/48 MP: 4/4
  2617 | D:4      | Noticed a phantom
  2626 | D:4      | Killed a phantom
  2627 | D:4      | Reached skill level 5 in Axes
  2627 | D:4      | Reached XP level 6. HP: 49/57 MP: 5/5
  2681 | D:4      | Noticed Blork the orc
  2693 | D:4      | Killed Blork the orc
  2878 | D:4      | Found a radiant altar of Vehumet.
  3463 | D:3      | Became a worshipper of Trog the Wrathful
  3523 | D:5      | Entered Level 5 of the Dungeon
  3640 | D:5      | Reached XP level 7. HP: 39/63 MP: 6/6
  3642 | D:5      | Slain by an ogre

Illustrated notes

Levels and vault maps discovered:
D:1:      ebering_hopf_link, layout_basic, ebering_ecumenical_altar_hall,
          serial_forest, infiniplex_forest_clump_medium,
          infiniplex_forest_clump_tiny, infiniplex_forest_3_way,
          infiniplex_forest_end_2, infiniplex_forest_straight_2,
          infiniplex_forest_lined_3_way, infiniplex_forest_straight_4
D:2:      layout_basic, serial_bayou_lake_a, uniq_natasha
D:3:      layout_basic, okawaru_metal_pillars_1_2, trog_three_pillars_becter
D:4:      layout_gridville, mainiacjoe_overflow_concentric_impassable,
          minmay_misc_feat_five, uniq_blork_the_orc
D:5:      layout_cave_pods, overflow_temple_1_default

Skill      XL: |  1  2  3  4  5  6 |
---------------+-------------------+-----
Fighting       | 4 5 6 |  6.2
Armour         | 4 5 6 |  6.2
Axes           | 3 4 5 |  5.6
Shields        | |  3.6

Action                     |  1- 3 |  4- 6 |  7- 9 || total
---------------------------+-------+-------+-------++-------
  Melee: War axe           |    54 |   100 |     3 ||   157
         Headbutt          |    11 |    13 |       ||    24
 Armour: Scale mail        |    33 |    38 |       ||    71
  Dodge: Dodged            |    33 |    33 |     1 ||    67
  Block: Buckler           |    11 |    26 |       ||    37
